 Dungeon Crawl Stone Soup version 0.18-a0-1418-ga86aa8f (webtiles) character file.

3995 Tomstefer the Infuser (level 10, 0/79 HPs)
             Began as a Purple Draconian Conjurer on Feb 26, 2016.
             Was a Follower of Vehumet.
             Killed from afar by Erica (20 damage)
             ... with an orb of energy
             ... on level 9 of the Dungeon.
             The game lasted 00:32:11 (12606 turns).

Tomstefer the Infuser (Purple Draconian Conjurer)  Turns: 12606, Time: 00:32:11

Health: 0/79       AC: 10    Str: 15    XL:     10   Next: 3%
Magic:  23/30      EV: 14    Int: 18    God:    Vehumet [*.....]
Gold:   166        SH:  0    Dex: 12    Spells: 3 memorised, 16 levels left

rFire  . . .     SeeInvis .     y - +0 dagger (speed)
rCold  + . .     Gourm    .     (armour unavailable)
rNeg   . . .     Faith    .     (no shield)
rPois  .         Spirit   .     (helmet restricted)
rElec  .         Dismiss  .     (no cloak)
rCorr  .         Reflect  .     (no gloves)
SustAt .         Harm     .     j - +2 pair of boots "Celoil" {rC+ Str+4}
MR     +....                    (no amulet)
Stlth  ++........               (no ring)
                                I - ring of magical power

@: lethally poisoned (0 -> -6), short of breath, slowed, very slow, somewhat
resistant to hostile enchantments, unstealthy
A: breathe power, unfitting armour, cold-blooded, AC +7
a: Breathe Dispelling Energy, Renounce Religion


You were on level 9 of the Dungeon.
You worshipped Vehumet.
Vehumet was aware of your devotion.
You were very hungry.

You visited 2 branches of the dungeon, and saw 10 of its levels.

You collected 477 gold pieces.
You spent 311 gold pieces at shops.

Inventory:

Hand Weapons
 e - a +1 dagger of protection
 y - a +0 dagger of speed (weapon)
Armour
 j - the +2 pair of boots "Celoil" (worn) {rC+ Str+4}
   (You found it on level 4 of the Dungeon)

   It affects your strength (+4).
   It protects you from cold.
Magical Staves
 p - an uncursed staff of fire
Jewellery
 I - a ring of magical power (left hand)
Wands
 v - a wand of disintegration (3/24)
 w - a wand of flame (16/48)
 C - a wand of digging (13/24)
Scrolls
 h - 5 scrolls of remove curse
 i - a scroll of fog
 m - a scroll of enchant weapon
 q - a scroll of recharging
 s - a scroll of blinking
 x - a scroll of amnesia
 A - 3 scrolls of teleportation
 E - 2 scrolls of magic mapping
 F - 2 scrolls of fear
 H - a scroll of immolation
Potions
 c - a potion of cure mutation
 d - 2 potions of haste
 f - a potion of resistance {unknown}
 g - 7 potions of curing
 o - 5 potions of heal wounds {unknown}
 r - 2 potions of agility {unknown}
 t - a potion of invisibility {unknown}
 u - 2 potions of cancellation {unknown}
 z - a potion of flight {unknown}
 B - 3 potions of lignification {unknown}
 D - 2 potions of degeneration {unknown}
Books
 a - a book of Conjurations

   Spells                             Type                      Level
   a - Magic Dart                     Conjuration                  1
   b - Searing Ray                    Conjuration                  2
   c - Dazzling Spray                 Conjuration/Hexes            3
   d - Fulminant Prism                Conjuration/Hexes            4
   e - Iskenderun's Mystic Blast      Conjuration                  4
   f - Iskenderun's Battlesphere      Conjuration/Charms           5
Comestibles
 b - 4 bread rations
 k - a slice of pizza
 l - 4 beef jerkies
 n - 5 meat rations
 G - a royal jelly


   Skills:
 - Level 4.2 Fighting
 + Level 5.3 Dodging
 - Level 1.7 Stealth
 + Level 7.5 Spellcasting
 + Level 8.5 Conjurations
 - Level 8.8 Charms


You had 16 spell levels left.
You knew the following spells:

 Your Spells              Type           Power        Failure   Level  Hunger
a - Magic Dart            Conj           ####         1%          1    None
b - Searing Ray           Conj           #####.       1%          2    None
c - Iskenderun's Battles  Conj/Chrm      #####...     10%         5    #####..


Dungeon Overview and Level Annotations

Branches:
Dungeon (9/15)             Temple (1/1) D:7            Lair (0/8) D:8
    Orc: D:9-12

Altars:
Ashenzari
Cheibriados
Dithmenos
Elyvilon
Fedhas
Gozag
Kikubaaqudgha
Makhleb
Nemelex Xobeh
Okawaru
Pakellas
Qazlal
Ru
Sif Muna
Trog
Vehumet
Xom
Yredelemnul
Zin
The Shining One

Shops:
D:4 ?   D:8 [}*=%

Annotations:
D:9 Erica


Innate Abilities, Weirdness & Mutations

You can breathe bolts of dispelling energy.
Your rich purple scales are hard (AC +7).
Your body does not fit into most forms of armour.
You are cold-blooded and may be slowed by cold attacks.


Message History

The bolt of poison misses you.
Erica points at you and mumbles some strange words.
The bolt of poison hits you!
You are poisoned.
The searing ray hits Erica.
Erica is heavily wounded.
You feel sick.
The searing ray hits Erica.
Erica is severely wounded.
You feel sick. Erica gestures at you while chanting.
The orb of energy hits you!
* * * LOW HITPOINT WARNING * * *
The searing ray hits Erica.
Erica is almost dead.
You feel sick. Erica barely misses you.
You feel sick. Erica gestures at you while chanting.
The orb of energy hits you!
You die...

##.## ##.#.########
#.###.......#
##.#<####.... ##.##
# #.# #.### #...#
###@# # #@# .# #.#
... #.## .... #..##
.....
#####...####......
.........).))......
#####.....[##>.....
#...##.# .....


You could see Erica.

Vanquished Creatures
  The ghost of Ijustatesigmund the Changer, a novice OpTm (D:5)
  An ice beast (D:6)
  A sky beast (D:5)
  An orc warrior (D:7)
  An ogre (D:7)
  2 phantoms (D:7)
  A centaur (D:5)
  A crocodile (D:8)
  5 giant frogs
  A scorpion (D:6)
  9 killer bees
  4 howler monkeys
  2 centaur zombies
  6 crimson imps
  A quasit (D:7)
  5 hounds
  4 jellies
  2 giant frog skeletons (D:7)
  A gnoll shaman (D:4)
  6 orc priests
  7 orc wizards
  2 centaur skeletons
  Jessica (D:2)
  2 iguanas
  8 worker ants
  A worker ant zombie (D:6)
  15 adders
  12 gnolls
  A shadow imp (D:5)
  3 oozes
  4 worms
  2 dart slugs
  6 giant geckos
  24 orcs
  8 bats
  4 giant cockroaches
  13 goblins
  3 hobgoblins
  8 jackals
  5 kobolds
  4 quokkas
  2 ball pythons
  3 giant newts
  A quokka skeleton (D:6)
  9 rats
203 creatures vanquished.

Vanquished Creatures (others)
  An orc wizard (D:9)
  2 orcs
  A quokka (D:5)
  A bat (D:5)
  2 fungi (D:5)
7 creatures vanquished.

Grand Total: 210 creatures vanquished

Notes
Turn   | Place    | Note
--------------------------------------------------------------
     0 | D:1      | Tomstefer the Draconian Conjurer began the quest for the Orb.
     0 | D:1      | Reached XP level 1. HP: 14/14 MP: 3/3
   156 | D:1      | Reached XP level 2. HP: 17/20 MP: 0/5
   760 | D:2      | Found a faded altar to an unknown god.
   762 | D:2      | Noticed Jessica
   769 | D:2      | Killed Jessica
   769 | D:2      | Reached skill level 5 in Conjurations
   769 | D:2      | Reached XP level 3. HP: 26/26 MP: 1/6
  1051 | D:2      | Found a blossoming altar of Fedhas.
  1101 | D:2      | Found a burning altar of Makhleb.
  1101 | D:2      | Found a snail-covered altar of Cheibriados.
  1686 | D:2      | Reached XP level 4. HP: 33/33 MP: 1/7
  2006 | D:2      | Found a sacrificial altar of Ru.
  2867 | D:3      | Reached XP level 5. HP: 38/38 MP: 6/8
  4060 | D:3      | Found an oddly glowing altar of Pakellas.
  4120 | D:3      | Learned a level 2 spell: Searing Ray
  5248 | D:4      | Got a pair of pitted boots
  5254 | D:4      | Identified the +2 pair of boots "Celoil" {rC+ Str+4} (You found it on level 4 of the Dungeon)
  5273 | D:4      | Found Vafutzin's Magic Scroll Shop.
  5413 | D:4      | Reached XP level 6. HP: 45/45 MP: 1/9
  5878 | D:4      | Found a shimmering altar of Xom.
  6271 | D:5      | Entered Level 5 of the Dungeon
  6387 | D:4      | Your scales start taking on a rich purple colour.
  6387 | D:4      | Reached XP level 7. HP: 48/50 MP: 9/13
  6722 | D:4      | Found an iron altar of Okawaru.
  6825 | D:5      | Noticed Ijustatesigmund's ghost (novice OpTm)
  6838 | D:5      | Killed Ijustatesigmund's ghost
  6838 | D:5      | Reached skill level 5 in Spellcasting
  7046 | D:5      | Learned a level 5 spell: Iskenderun's Battlesphere
  7049 | D:5      | Found a white marble altar of Elyvilon.
  7064 | D:5      | Reached skill level 5 in Dodging
  7124 | D:5      | Found a shattered altar of Ashenzari.
  7141 | D:5      | Reached XP level 8. HP: 52/57 MP: 7/16
  7168 | D:5      | Reached skill level 1 in Charms
  7826 | D:5      | Found a stormy altar of Qazlal.
  7827 | D:5      | Found an opulent altar of Gozag.
  7914 | D:6      | Found a basalt altar of Yredelemnul.
  9206 | D:6      | Reached skill level 5 in Charms
  9448 | D:6      | Reached XP level 9. HP: 36/62 MP: 5/19
 10111 | D:7      | Reached skill level 1 in Fighting
 10377 | D:7      | Found a staircase to the Ecumenical Temple.
 10386 | Temple   | Entered the Ecumenical Temple
 10404 | Temple   | Became a worshipper of Vehumet
 11333 | D:8      | Found a staircase to the Lair.
 11376 | D:8      | Found Aghosot's Jewellery Shop.
 11812 | D:8      | Bought an uncursed ring of magical power for 280 gold pieces
 11878 | D:8      | Found Guiloumu's Food Shop.
 12028 | D:8      | Found Lynu's Assorted Antiques.
 12055 | D:8      | Bought a scroll labeled XYFFAN CAOR for 31 gold pieces
 12064 | D:8      | Found a deep blue altar of Sif Muna.
 12185 | D:8      | Found Mifidgh's Armour Shoppe.
 12224 | D:8      | Reached * piety under Vehumet
 12224 | D:8      | Offered knowledge of Flame Tongue by Vehumet.
 12351 | D:8      | Reached XP level 10. HP: 57/79 MP: 21/21
 12354 | D:8      | Found Fuciz's Gadget Shop.
 12578 | D:9      | Noticed Erica
 12606 | D:9      | Killed from afar by Erica

Vault maps used:
D:1:      dpeg_arrival_erosion
D:2:      amethyst_overflow_temple_binary, fedhas_altar_3, ecumenical_altar_1,
          nicolae_ru_awakened_eye, uniq_jessica
D:3:      grunt_pakellas_basics
D:4:      led_xom_imps, serial_shops, shop, first_bread,
          kennysheep_okawaru_gauntlet
D:5:      old_forge, elyvilon_altar_4, gammafunk_temple_overflow_statue,
          ashenzari_altar_1, kb_lookout_dungeons_type
D:6:      overflow_temple_1_default
D:7:      minmay_temple_entry_grid
D:8:      old_standard_altar, lair_0_dummy, serial_shops, shop, shop,
          nicolae_shop_competitors_out_of_business,
          nicolae_shop_temple_entry_statues_fountains, shop
D:9:      basic_altar, uniq_erica
Temple:   nicolae_temple_no_exploring_needed

Skill      XL: |  1  2  3  4  5  6  7  8  9 |
---------------+----------------------------+-----
Conjurations   | 5 6 7 8 |  8.5
Dodging        | 2 3 5 |  5.3
Spellcasting   | 4 5 7 |  7.5
Charms         | 5 8 |  8.8
Fighting       | 4 |  4.2
Stealth        | |  1.7

Action                   |  1- 3 |  4- 6 |  7- 9 | 10-12 || total
-------------------------+-------+-------+-------+-------++-------
Melee: Unarmed           |    22 |       |       |       ||    22
       Dagger            |    42 |   183 |    28 |       ||   253
 Cast: Magic Dart        |    61 |   177 |   243 |     7 ||   488
       Searing Ray       |       |     8 |    51 |     4 ||    63
       Iskenderun's Batt |       |       |     1 |       ||     1
 Abil: Breathe Dispellin |       |       |     8 |     1 ||     9
  Use: Scroll            |     3 |     5 |     6 |       ||    14
 Stab: Sleeping          |     1 |       |       |       ||     1
  Eat: Chunk             |     3 |    19 |    11 |       ||    33
       Bread ration      |       |       |     2 |       ||     2
